SAA
IRVING BLUE SOX @ VIRGINIA BEACH DEUCES
07/30/2021
 
TOP OF THE 1ST
Irving Blue Sox batting - Pitching for Virginia Beach Deuces : LHP Pat Horton
Pitching: LHP Pat Horton
Batting: RHB Alfredo Chávez 0-0: Called Strike
0-1: Ball
1-1: Fly out, F8 (Flyball, 8RM)
Batting: RHB Dave Ash 0-0: Ball
1-0: Ball
2-0: DOUBLE (Line Drive, 3D)
Batting: RHB Stewart Ralston 0-0: Ball
1-0: Foul Ball, location: 2F
1-1: Foul Ball, location: 2F
1-2: Ball
2-2: Fly out, F4 (Popup, 4MD)
Batting: RHB Júlio López 0-0: Ball
1-0: SINGLE (Groundball, 56D)
Dave Ash to third
Runner from 3rd tries for Home, SAFE, no throw or cutoff
Batting: RHB Jorge López 0-0: Fly out, F8 (Flyball, 8RXD)
Top of the 1st over - 1 run(s), 2 hit(s), 0 error(s), 1 left on base; Irving 1 - Virginia Beach 0
BOTTOM OF THE 1ST
Virginia Beach Deuces batting - Pitching for Irving Blue Sox : RHP Pat Hunt
Pitching: RHP Pat Hunt
Batting: LHB Alberto Enríquez 0-0: Called Strike
0-1: Ground out 4-3 (Groundball, 4)
Batting: RHB Luis Sáenz 0-0: Called Strike
0-1: Foul Ball, location: 2F
0-2: Ball
1-2: Strikes out swinging
Batting: RHB Lorenzo Ramírez 0-0: Called Strike
0-1: Fly out, F9 (Flyball, 9S)
Bottom of the 1st over - 0 run(s), 0 hit(s), 0 error(s), 0 left on base; Irving 1 - Virginia Beach 0
TOP OF THE 2ND
Irving Blue Sox batting - Pitching for Virginia Beach Deuces : LHP Pat Horton
Batting: RHB Robert Jackson 0-0: Ball
1-0: Fly out, F3 (Popup, 13)
Batting: RHB Stan Barnes 0-0: Called Strike
0-1: Ball
1-1: Ball
2-1: Swinging Strike
2-2: Strikes out swinging
Batting: RHB Dustin Johnstone 0-0: Called Strike
0-1: Foul Ball, location: 2F
0-2: Ball
1-2: Ball
2-2: Strikes out looking
Top of the 2nd over - 0 run(s), 0 hit(s), 0 error(s), 0 left on base; Irving 1 - Virginia Beach 0
BOTTOM OF THE 2ND
Virginia Beach Deuces batting - Pitching for Irving Blue Sox : RHP Pat Hunt
Batting: LHB Salvadaro Meireles 0-0: Called Strike
0-1: DOUBLE (Flyball, 8RXD)
Batting: SHB José Quintero 0-0: Ball
1-0: Swinging Strike
1-1: Ball
2-1: Swinging Strike
2-2: Ball
3-2: Strikes out swinging
Batting: SHB Mark Kennedy 0-0: Ball
1-0: Fly out, F5 (Popup, 13S)
Batting: RHB Gerald Sims 0-0: Called Strike
0-1: Fly out, F4 (Popup, 3L)
Bottom of the 2nd over - 0 run(s), 1 hit(s), 0 error(s), 1 left on base; Irving 1 - Virginia Beach 0
TOP OF THE 3RD
Irving Blue Sox batting - Pitching for Virginia Beach Deuces : LHP Pat Horton
Batting: LHB Kyle James 0-0: Ball
1-0: Ball
2-0: Called Strike
2-1: Fly out, F9 (Flyball, 9M)
Batting: RHB Alfredo Chávez 0-0: Ball
Reached via error on a dropped throw, E3
Batting: RHB Dave Ash 0-0: Foul Ball, location: 2F
0-1: Called Strike
0-2: Strikes out looking
Batting: RHB Stewart Ralston 0-0: Ball
1-0: Foul Ball, location: 2F
1-1: Swinging Strike
1-2: Strikes out swinging
Top of the 3rd over - 0 run(s), 0 hit(s), 1 error(s), 1 left on base; Irving 1 - Virginia Beach 0
BOTTOM OF THE 3RD
Virginia Beach Deuces batting - Pitching for Irving Blue Sox : RHP Pat Hunt
Batting: RHB Dana Akers 0-0: Called Strike
0-1: Ball
1-1: Ball
2-1: Fly out, F8 (Flyball, 78M)
Batting: RHB Jim Unknown 0-0: DOUBLE (Groundball, 5L)
Batting: LHB Alberto Enríquez 0-0: Foul Ball, location: 2F
0-1: Ball
1-1: Ball
2-1: Swinging Strike
2-2: Foul Ball, location: 2F
2-2: Foul Ball, location: 2F
2-2: Ground out 6-3 (Groundball, 6M)
Jim Unknown to third
Batting: RHB Luis Sáenz 0-0: Ball
1-0: Ball
2-0: Called Strike
2-1: Foul Ball, location: 2F
2-2: Foul Ball, location: 2F
2-2: Strikes out swinging
Bottom of the 3rd over - 0 run(s), 1 hit(s), 0 error(s), 1 left on base; Irving 1 - Virginia Beach 0
TOP OF THE 4TH
Irving Blue Sox batting - Pitching for Virginia Beach Deuces : LHP Pat Horton
Batting: RHB Júlio López 0-0: DOUBLE (Line Drive, 7LM)
Batting: RHB Jorge López 0-0: Called Strike
0-1: SINGLE (Line Drive, 78S)
Júlio López to third
Batting: RHB Robert Jackson 0-0: Called Strike
0-1: Bunted foul
0-2: Ball
1-2: Grounds into double play, 6-4-3 (Groundball, 6)
Júlio López scores
Batting: RHB Stan Barnes 0-0: Ball
1-0: Called Strike
1-1: Ball
2-1: Ball
3-1: Swinging Strike
3-2: Base on Balls
Batting: RHB Dustin Johnstone 0-0: Swinging Strike
0-1: Called Strike
0-2: Ball
1-2: Foul Ball, location: 2F
1-2: Ball
Stan Barnes steals 2nd base
2-2: Ball
3-2: Foul Ball, location: 2F
3-2: SINGLE (Flyball, 9LS)
Stan Barnes to third
Stan Barnes scores
Batting: LHB Kyle James 0-0: Foul Ball, location: 2F
0-1: Called Strike
0-2: Ball
1-2: Strikes out swinging
Top of the 4th over - 2 run(s), 3 hit(s), 0 error(s), 1 left on base; Irving 3 - Virginia Beach 0
BOTTOM OF THE 4TH
Virginia Beach Deuces batting - Pitching for Irving Blue Sox : RHP Pat Hunt
Batting: RHB Lorenzo Ramírez 0-0: Ball
1-0: Foul Ball, location: 2F
1-1: Ball
2-1: Ground out 6-3 (Groundball, 6)
Batting: LHB Salvadaro Meireles 0-0: Ball
1-0: Ball
2-0: Fly out, F9 (Flyball, 9S)
Batting: SHB José Quintero 0-0: Called Strike
0-1: Ball
1-1: Ball
2-1: Swinging Strike
2-2: Ball
3-2: Fly out, F7 (Flyball, 7LMF)
Bottom of the 4th over - 0 run(s), 0 hit(s), 0 error(s), 0 left on base; Irving 3 - Virginia Beach 0
TOP OF THE 5TH
Irving Blue Sox batting - Pitching for Virginia Beach Deuces : LHP Pat Horton
Batting: RHB Alfredo Chávez 0-0: Ball
1-0: Fly out, F3 (Line Drive, 3)
Batting: RHB Dave Ash 0-0: Called Strike
0-1: Called Strike
0-2: Strikes out looking
Batting: RHB Stewart Ralston 0-0: Called Strike
0-1: Ball
1-1: Ball
2-1: Foul Ball, location: 2F
2-2: Ball
3-2: Fly out, F9 (Popup, 4D)
Top of the 5th over - 0 run(s), 0 hit(s), 0 error(s), 0 left on base; Irving 3 - Virginia Beach 0
BOTTOM OF THE 5TH
Virginia Beach Deuces batting - Pitching for Irving Blue Sox : RHP Pat Hunt
Batting: SHB Mark Kennedy 0-0: Ball
1-0: SINGLE (Line Drive, 8LS)
Batting: RHB Gerald Sims 0-0: Ball
1-0: Ball
2-0: Called Strike
2-1: Foul Ball, location: 2F
2-2: Ball
3-2: Strikes out looking
Mark Kennedy steals 2nd base
Batter strikes out.
Batting: RHB Dana Akers 0-0: DOUBLE (Line Drive, 7LS)
Mark Kennedy scores
Batting: RHB Jim Unknown 0-0: Called Strike
0-1: Ball
1-1: Foul Ball, location: 2F
1-2: Fly out, F8 (Flyball, 8LD)
Runner from 2nd tags up, SAFE at 3rd, no throw
Batting: LHB Alberto Enríquez 0-0: Ground out 5-3 (Groundball, 5S)
Bottom of the 5th over - 1 run(s), 2 hit(s), 0 error(s), 1 left on base; Irving 3 - Virginia Beach 1
TOP OF THE 6TH
Irving Blue Sox batting - Pitching for Virginia Beach Deuces : LHP Pat Horton
Batting: RHB Júlio López 0-0: Ball
1-0: Ball
2-0: Called Strike
2-1: Fly out, F3 (Popup, 34D)
Batting: RHB Jorge López 0-0: Called Strike
0-1: Foul Ball, location: 2F
0-2: Ball
1-2: Foul Ball, location: 2F
1-2: Strikes out swinging
Batting: RHB Robert Jackson 0-0: Swinging Strike
0-1: Foul Ball, location: 2F
0-2: Ball
1-2: Ground out 6-3 (Groundball, 6M)
Top of the 6th over - 0 run(s), 0 hit(s), 0 error(s), 0 left on base; Irving 3 - Virginia Beach 1
BOTTOM OF THE 6TH
Virginia Beach Deuces batting - Pitching for Irving Blue Sox : RHP Pat Hunt
Batting: RHB Luis Sáenz 0-0: Ball
1-0: Ball
2-0: Called Strike
2-1: Ball
3-1: Base on Balls
Batting: RHB Lorenzo Ramírez 0-0: Called Strike
0-1: Foul Ball, location: 2F
0-2: Grounds into double play, 6-4-3 (Groundball, 6)
Batting: LHB Salvadaro Meireles 0-0: Foul Ball, location: 2F
0-1: Ball
1-1: Ball
2-1: Called Strike
2-2: Ball
3-2: Base on Balls
Batting: SHB José Quintero 0-0: Called Strike
0-1: Ball
1-1: Ball
2-1: Ball
3-1: Base on Balls
Salvadaro Meireles to second
Batting: SHB Mark Kennedy 0-0: Called Strike
0-1: Ball
1-1: Ball
2-1: Swinging Strike
2-2: Ball
3-2: Foul Ball, location: 2F
3-2: Base on Balls
Salvadaro Meireles to third
José Quintero to second
Batting: RHB Gerald Sims 0-0: Called Strike
0-1: Called Strike
0-2: Foul Ball, location: 2F
0-2: Ball
1-2: Fly out, F9 (Flyball, 9D)
Bottom of the 6th over - 0 run(s), 0 hit(s), 0 error(s), 3 left on base; Irving 3 - Virginia Beach 1
TOP OF THE 7TH
Irving Blue Sox batting - Pitching for Virginia Beach Deuces : LHP Pat Horton
Batting: RHB Stan Barnes 0-0: Ball
1-0: Ground out 6-3 (Groundball, 6)
Batting: RHB Dustin Johnstone 0-0: Called Strike
0-1: Called Strike
0-2: Strikes out swinging
Batting: LHB Kyle James 0-0: Called Strike
0-1: Swinging Strike
0-2: Foul Ball, location: 2F
0-2: Strikes out swinging
Top of the 7th over - 0 run(s), 0 hit(s), 0 error(s), 0 left on base; Irving 3 - Virginia Beach 1
BOTTOM OF THE 7TH
Virginia Beach Deuces batting - Pitching for Irving Blue Sox : RHP Pat Hunt
Batting: RHB Dana Akers 0-0: Called Strike
0-1: Swinging Strike
0-2: Ball
1-2: Foul Ball, location: 2F
1-2: TRIPLE (Flyball, 9LM)
Pitching: RHP Andy Perry
Batting: RHB Jim Unknown 0-0: Ball
1-0: Ball
2-0: Called Strike
2-1: SINGLE (Flyball, 7LS)
Dana Akers scores
Batting: LHB Alberto Enríquez 0-0: Called Strike
0-1: Bunted foul
0-2: Ball
1-2: Foul Ball, location: 2F
1-2: Fly out, F8 (Flyball, 8LS)
Pinch Hitting: LHB Jim Unknown 0-0: Called Strike
0-1: Called Strike
0-2: Ball
1-2: Fly out, F8 (Flyball, 8LXD)
Batting: RHB Lorenzo Ramírez 0-0: Ball
1-0: SINGLE (Groundball, 56D)
Jim Unknown to second
Batting: LHB Salvadaro Meireles 0-0: Ball
1-0: Called Strike
1-1: Foul Ball, location: 2F
1-2: Ball
2-2: Ball
3-2: Base on Balls
Jim Unknown to third
Lorenzo Ramírez to second
Pinch Hitting: SHB Jim Unknown 0-0: Foul Ball, location: 2F
0-1: SINGLE (Line Drive, 8RS)
Jim Unknown scores
Lorenzo Ramírez to third
Salvadaro Meireles to second
Pinch Hitting: LHB Jim Unknown 0-0: Ball
1-0: Called Strike
1-1: Called Strike
1-2: Foul Ball, location: 2F
1-2: Foul Ball, location: 2F
1-2: Ball
2-2: Ball
3-2: Ground out 4-3 (Groundball, 4M)
Bottom of the 7th over - 2 run(s), 4 hit(s), 0 error(s), 3 left on base; Irving 3 - Virginia Beach 3
TOP OF THE 8TH
Irving Blue Sox batting - Pitching for Virginia Beach Deuces : LHP Pat Horton
Now at 1B: Jim Unknown
Now in CF: Jim Unknown
Now in RF: Jim Unknown
Batting: RHB Alfredo Chávez 0-0: Ground out 4-3 (Groundball, 4M)
Batting: RHB Dave Ash 0-0: Ball
1-0: Ball
2-0: Ball
3-0: Called Strike
3-1: Ground out 6-3 (Groundball, 6M)
Pinch Hitting: RHB Will Hunter 0-0: Ball
1-0: Ball
2-0: Called Strike
2-1: Ball
3-1: Fly out, F5 (Popup, 5SF)
Top of the 8th over - 0 run(s), 0 hit(s), 0 error(s), 0 left on base; Irving 3 - Virginia Beach 3
BOTTOM OF THE 8TH
Virginia Beach Deuces batting - Pitching for Irving Blue Sox : RHP Andy Perry
Now in LF: Jack MacAsgill
Batting: RHB Gerald Sims 0-0: Ball
1-0: Ball
2-0: Swinging Strike
2-1: Swinging Strike
2-2: Strikes out swinging
Batting: RHB Dana Akers 0-0: Called Strike
0-1: Ball
1-1: Ball
2-1: Fly out, F9 (Flyball, 9S)
Batting: RHB Jim Unknown 0-0: Foul Ball, location: 2F
0-1: Ball
1-1: Ground out 6-3 (Groundball, 6M)
Bottom of the 8th over - 0 run(s), 0 hit(s), 0 error(s), 0 left on base; Irving 3 - Virginia Beach 3
TOP OF THE 9TH
Irving Blue Sox batting - Pitching for Virginia Beach Deuces : LHP Pat Horton
Batting: RHB Júlio López 0-0: SINGLE (Groundball, 6D)
Pitching: RHP Cam Herman
Pinch Hitting: SHB Curt Finley 0-0: Ball
1-0: Foul Ball, location: 2F
1-1: Swinging Strike
1-2: Strikes out looking
Batting: RHB Robert Jackson 0-0: Ball
1-0: Ball
2-0: Grounds into double play, 6-4-3 (Groundball, 56)
Top of the 9th over - 0 run(s), 1 hit(s), 0 error(s), 0 left on base; Irving 3 - Virginia Beach 3
BOTTOM OF THE 9TH
Virginia Beach Deuces batting - Pitching for Irving Blue Sox : RHP Andy Perry
Now at SS: Curt Finley
Batting: LHB Alberto Enríquez 0-0: Called Strike
0-1: Fly out, F8 (Line Drive, 89M)
Batting: LHB Jim Unknown 0-0: Ball
1-0: Called Strike
1-1: Ground out 6-3 (Groundball, 6MS)
Batting: RHB Lorenzo Ramírez 0-0: Foul Ball, location: 2F
0-1: Ball
1-1: Called Strike
1-2: Strikes out looking
Bottom of the 9th over - 0 run(s), 0 hit(s), 0 error(s), 0 left on base; Irving 3 - Virginia Beach 3
TOP OF THE 10TH
Irving Blue Sox batting - Pitching for Virginia Beach Deuces : RHP Cam Herman
Batting: RHB Stan Barnes 0-0: Ball
1-0: Ball
2-0: Fly out, F9 (Popup, 34D)
Batting: RHB Dustin Johnstone 0-0: Foul Ball, location: 2F
0-1: Ball
1-1: Called Strike
1-2: Strikes out swinging
Batting: LHB Kyle James 0-0: Ball
1-0: Called Strike
1-1: DOUBLE (Line Drive, 78M)
Batting: RHB Alfredo Chávez 0-0: Called Strike
0-1: Swinging Strike
0-2: Foul Ball, location: 2F
0-2: Ball
1-2: Strikes out swinging
Top of the 10th over - 0 run(s), 1 hit(s), 0 error(s), 1 left on base; Irving 3 - Virginia Beach 3
BOTTOM OF THE 10TH
Virginia Beach Deuces batting - Pitching for Irving Blue Sox : RHP Andy Perry
Batting: LHB Salvadaro Meireles 0-0: Ball
1-0: Fly out, F9 (Flyball, 89M)
Batting: SHB Jim Unknown 0-0: Called Strike
0-1: SINGLE (Line Drive, 56)
Batting: LHB Jim Unknown 0-0: Called Strike
0-1: Ball
1-1: Ball
2-1: Foul Ball, location: 2F
2-2: SINGLE (Groundball, 3L)
Jim Unknown to second
Runner from 2nd tries for 3rd, SAFE, throw made to third
Batting: RHB Gerald Sims 0-0: Called Strike
0-1: Called Strike
0-2: Ball
1-2: Ball
2-2: Strikes out swinging
Batting: RHB Dana Akers 0-0: Ball
Wild Pitch!
Jim Unknown scores
This league is powered by Out of the Park Baseball, the baseball management simulation game for PC, Mac and Linux
Friday, January 22nd, 2016 - OOTP Baseball 16.9 Build 39